 Dungeon Crawl Stone Soup version 0.24.0-13-gcf9b3192b9 (webtiles) character file.

Game seed: 11531143896828014931, levelgen mode: deterministic

1601 Aviak the Skirmisher (level 8, 0/73 HPs)
             Began as a Minotaur Fighter on Nov 5, 2019.
             Was a Believer of Okawaru.
             Slain by Dowan
             ... wielding a +0 dagger
              (2 damage)
             ... on level 5 of the Dungeon.
             The game lasted 00:04:19 (2755 turns).

Aviak the Skirmisher (Minotaur Fighter)             Turns: 2755, Time: 00:04:19

Health: 0/73       AC:  2    Str: 21    XL:     8   Next: 62%
Magic:  7/9        EV:  9    Int: 11    God:    Okawaru [**....]
Gold:   354        SH: 10    Dex: 10    Spells: 7/7 levels left

rFire    + . .     SeeInvis .   a - +0 flail
rCold    + . .     Gourm    .   n - +0 shield
rNeg     . . .     Faith    .   o - +1 ring mail of Springtime {rElec Regen+ Str-2 Int+4} (curse)
rPois    +         Spirit   .   (helmet restricted)
rElec    +         Reflect  .   (no cloak)
rCorr    +         Harm     .   (no gloves)
MR       .....                  (no boots)
Stlth    ..........             (no amulet)
HPRegen  0.62/turn              A - -4 ring of protection (curse)
MPRegen  0.11/turn              h - +1 ring of protection

@: resistant
A: retaliatory headbutt, hooves 1, horns 2, clever 1, deformed body
a: Heroism, Renounce Religion


You were on level 5 of the Dungeon.
You worshipped Okawaru.
Okawaru was pleased with you.
You were not hungry.

You visited 1 branch of the dungeon, and saw 5 of its levels.

You collected 354 gold pieces.

Inventory:

Hand Weapons
 a - a +0 flail (weapon)
Armour
 b - a +0 scale mail
 n - a +0 shield (worn)
 o - the cursed +1 ring mail of Springtime (worn) {rElec Regen+ Str-2 Int+4}
   (You found it on level 4 of the Dungeon)

   It affects your strength (-2).
   It affects your intelligence (+4).
   It insulates you from electricity.
   It increases your rate of regeneration.
   It has a curse placed upon it.
Jewellery
 h - a +1 ring of protection (right hand)
 A - a cursed -4 ring of protection (left hand)
Wands
 s - a wand of digging (6)
Scrolls
 g - 2 scrolls of noise {!r!r}
 i - a scroll of silence {unknown}
 p - 2 scrolls of enchant armour
 q - a scroll of random uselessness {unknown}
 t - 3 scrolls of teleportation
 v - a scroll of remove curse {unknown}
 x - 2 scrolls of blinking
Potions
 d - a potion of might
 e - 3 potions of lignification {!q}
 j - 3 potions of mutation {!q}
 l - 2 potions of agility
 u - a potion of flight {unknown}
Comestibles
 f - 10 rations


   Skills:
 + Level 7.1 Fighting
 + Level 6.5 Maces & Flails
 + Level 7.1 Armour
 + Level 7.1 Shields
 + Level 3.6 Invocations


You had 7 spell levels left.
You didn't know any spells.
Your spell library contained the following spells:

 Spells                   Type           Power        Failure   Level  Hunger
 Summon Small Mammal      Summ           #...         83%         1    ##.....
 Call Imp                 Summ           #.......     92%         2    ###....
 Call Canine Familiar     Summ           #.......     99%         3    ####...
 Summon Guardian Golem    Hex/Summ       #.......     99%         3    ####...
 Summon Ice Beast         Ice/Summ       #.......     100%        4    #####..
 Summon Lightning Spire   Summ/Air       #.......     100%        4    #####..


Dungeon Overview and Level Annotations

Branches:
Dungeon (5/15)
 Temple: D:4-7

Altars:
Cheibriados
Gozag
Okawaru
Qazlal
Ru

Annotations:
D:5 Dowan


Innate Abilities, Weirdness & Mutations

You reflexively headbutt those who attack you in melee.
You have a pair of horns on your head.
You have large cloven feet.
Your mind is acute. (Int +2)
Armour fits poorly on your strangely shaped body.


Message History

Okay, then.
It was a potion of invisibility.
You fade into invisibility!
Dowan completely misses you. You block the worker ant's attack.
You block Dowan's attack.
You are very lightly contaminated with residual magic.
It was a potion of cancellation.
Your magical effects are unravelling.
You feel magically purged.
Your magical contamination has completely faded away.
You flicker back into view.
You feel a little less mighty now.
You feel a little less agile now. You block the worker ant's attack.
Dowan barely misses you. The worker ant barely misses you.
It was a potion of resistance.
You feel protected. Dowan hits you with a +0 dagger!
* * * LOW HITPOINT WARNING * * *
You block the worker ant's attack. Dowan hits you with a +0 dagger.
You die...

#.#.###.#
#.......###
#..(.......
#..§###....
#...#.#.###
#...#.#...##
#...(5o§...#
#.#.#a#....# .+
#.#.#@#.##.##.#
..#.e.#.##.##.#
########.......##
####.##....
#.##.# # #.##.#
#....######
####......#.#
#.##...._.


You could see Dowan, a worker ant, a shadow imp and an orc.

Vanquished Creatures
  Grinder (D:4)
  Prince Ribbit (D:5)
  Sigmund (D:3)
  Eustachio (D:5)
  Duvessa (D:5)
  2 sky beasts
  An ogre (D:5)
  2 centaurs (D:5)
  A scorpion (D:4)
  2 crimson imps (D:5)
  2 orc wizards (D:5)
  2 worker ants
  2 hound skeletons
  6 adders
  An adder zombie (D:5)
  2 worms (D:4)
  4 dart slugs
  3 leopard geckos
  2 orcs
  11 bats
  2 giant cockroaches (D:1)
  7 goblins
  8 hobgoblins
  7 jackals
  A quokka (D:2)
  2 frilled lizards
  4 kobolds
  7 rats
86 creatures vanquished.

Notes
Turn   | Place    | Note
-------+----------+-------------------------------------------
     0 | D:1      | Aviak the Minotaur Fighter began the quest for the Orb.
     0 | D:1      | Reached XP level 1. HP: 19/19 MP: 0/0
   386 | D:1      | Reached XP level 2. HP: 22/27 MP: 1/1
  1089 | D:2      | Reached XP level 3. HP: 33/33 MP: 2/2
  1570 | D:3      | Reached XP level 4. HP: 41/41 MP: 3/3
  1574 | D:3      | Noticed Sigmund
  1583 | D:3      | Killed Sigmund
  1583 | D:3      | Reached skill level 5 in Fighting
  1583 | D:3      | Reached skill level 5 in Armour
  1583 | D:3      | Reached skill level 5 in Shields
  1583 | D:3      | Reached XP level 5. HP: 32/48 MP: 4/4
  1639 | D:3      | Found a stormy altar of Qazlal.
  1678 | D:3      | Found an opulent altar of Gozag.
  1965 | D:4      | Reached XP level 6. HP: 43/56 MP: 5/5
  2008 | D:4      | Found an iron altar of Okawaru.
  2013 | D:4      | Became a worshipper of Warmaster Okawaru
  2016 | D:4      | Got a smoking ring mail
  2027 | D:4      | Identified the cursed +1 ring mail of Springtime {rElec
                  | Regen+ Str-2 Int+4} (You found it on level 4 of the
                  | Dungeon)
  2036 | D:4      | Noticed Grinder
  2042 | D:4      | Paralysed by Grinder for 5 turns
  2050 | D:4      | Paralysed by Grinder for 2 turns
  2053 | D:4      | Paralysed by Grinder for 7 turns
  2075 | D:4      | Killed Grinder
  2075 | D:4      | Reached skill level 1 in Invocations
  2075 | D:4      | Reached XP level 7. HP: 56/61 MP: 6/6
  2193 | D:4      | Found a snail-covered altar of Cheibriados.
  2263 | D:4      | Reached skill level 5 in Maces & Flails
  2448 | D:4      | Reached * piety under Okawaru
  2632 | D:5      | Entered Level 5 of the Dungeon
  2641 | D:5      | Found a sacrificial altar of Ru.
  2696 | D:5      | Noticed Eustachio
  2710 | D:5      | Noticed Duvessa
  2710 | D:5      | Noticed Prince Ribbit
  2713 | D:5      | Noticed Dowan
  2718 | D:5      | Killed Eustachio
  2724 | D:5      | Killed Prince Ribbit
  2724 | D:5      | Reached ** piety under Okawaru
  2724 | D:5      | Reached XP level 8. HP: 24/71 MP: 5/9
  2726 | D:5      | Gained mutation: Armour fits poorly on your strangely
                  | shaped body. [potion of mutation]
  2726 | D:5      | Gained mutation: You have large cloven feet. [potion of
                  | mutation]
  2726 | D:5      | Gained mutation: Your mind is acute. (Int +2) [potion of
                  | mutation]
  2745 | D:5      | Killed Duvessa
  2755 | D:5      | HP: 2/73 [Dowan/+0 dagger (8)]
  2755 | D:5      | Slain by Dowan

Levels and vault maps discovered:
D:1:      minmay_arrival_widening_spiral_narrow, layout_basic,
          minmay_pentomino_w4
D:2:      layout_basic, minmay_unequal
D:3:      layout_rooms, grunt_temple_overflow_open, uniq_sigmund
D:4:      layout_loops_ring, okawaru_gym_becter, kennysheep_slug_shrine,
          first_ration, uniq_grinder
D:5:      layout_basic, lemuel_crystal_altar, temple_green, serial_shops,
          nicolae_shop_waterfront, minmay_manual_mares, uniq_eustachio,
          uniq_duvessa, uniq_prince_ribbit1

Skill      XL: |  1  2  3  4  5  6  7  8 |
---------------+-------------------------+-----
Shields        | 4 5 6 7 |  7.1
Fighting       | 4 5 6 7 |  7.1
Armour         | 4 5 6 7 |  7.1
Maces & Flails | 3 4 5 6 |  6.5
Invocations    | 1 2 3 |  3.6

Action                   |  1- 3 |  4- 6 |  7- 9 || total
-------------------------+-------+-------+-------++-------
Melee: Flail             |    98 |    73 |    77 ||   248
       Headbutt          |    14 |    10 |    16 ||    40
       Kick              |       |       |    11 ||    11
Invok: Heroism           |       |       |     2 ||     2
  Use: Scroll            |       |     6 |       ||     6
       Potion            |       |     1 |    11 ||    12
  Eat: Chunk             |     2 |     2 |     2 ||     6
Armor: Scale mail        |    56 |    20 |       ||    76
       Skin              |       |    10 |       ||    10
       Ring mail         |       |       |    29 ||    29
Dodge: Dodged            |    37 |    19 |    27 ||    83
Block: Shield            |    55 |    38 |    50 ||   143
